 Dungeon Crawl Stone Soup version 0.28-b1-25-g9875b3fc8c (webtiles) character file.

Game seed: 11514407094955776513

49 sanka the Sneak (level 3, -4/20 HPs)
             Began as a Tengu Enchanter on Feb 5, 2022.
             Slain by a gnoll (11 damage)
             ... on level 1 of the Dungeon.
             The game lasted 00:03:43 (2227 turns).

sanka the Sneak (Tengu Enchanter)                   Turns: 2227, Time: 00:03:43

Health: -4/20      AC:  2    Str:  8    XL:     3   Next: 75%
Magic:  7/7        EV: 13    Int: 17    God:
Gold:   73         SH:  0    Dex: 14    Spells: 1/6 levels left

rFire   . . .      SeeInvis .   k - +0 hunting sling
rCold   . . .      Faith    .   (no shield)
rNeg    . . .      Spirit   .   b - +0 robe
rPois   .          Reflect  .   (helmet restricted)
rElec   .          Harm     .   (no cloak)
rCorr   .          Rampage  .   (no gloves)
Will    .....                   (boots unavailable)
Stlth   ++........              (no amulet)
HPRegen 0.06/turn               (no ring)
MPRegen 0.10/turn               (no ring)

@: no status effects
A: beak, talons 3
a: no special abilities


You were on level 1 of the Dungeon.
You visited 1 branch of the dungeon, and saw 2 of its levels.

You collected 73 gold pieces.

Inventory:

Hand Weapons
 a - a +1 dagger
 k - a +0 hunting sling (weapon)
Missiles
 j - 2 boomerangs
 l - 15 sling bullets (quivered ammo)
Armour
 b - a +0 robe (worn)
Scrolls
 d - a scroll of torment {unknown}
 g - 4 scrolls of identify {unknown}
 h - a scroll of fog {unknown}
 i - a scroll of noise {unknown}
 m - a scroll of teleportation {unknown}
Potions
 c - 2 potions of invisibility
 e - a potion of degeneration {unknown}
 f - a potion of curing {unknown}


   Skills:
 - Level 1.6 Fighting
 - Level 1.1 Short Blades
 - Level 3.0 Dodging
 - Level 3.0 Stealth
 - Level 2.0 Spellcasting
 * Level 1.9 Conjurations
 - Level 2.1 Hexes
 + Level 1.0 Air Magic
 - Level 0.1 Earth Magic


You had one spell level left.
You knew the following spells:

 Your Spells              Type           Power      Damage    Failure   Level
a - Stone Arrow           Conj/Erth      10%        3d7       36%         3
b - Static Discharge      Conj/Air       6%         N/A       16%         2

Your spell library contained the following spells:

 Spells                   Type           Power      Damage    Failure   Level
 Ensorcelled Hibernation  Hex/Ice        10%        N/A       19%         2
 Confusing Touch          Hex            9%         N/A       24%         3
 Tukima's Dance           Hex            9%         N/A       24%         3
 Dazzling Flash           Conj/Hex       16%        N/A       26%         3
 Animate Armour           Summ/Erth      2%         N/A       88%         4
 Lightning Bolt           Conj/Air       3%         1d14      96%         5
 Lehudib's Crystal Spear  Conj/Erth      2%         10d2      100%        8
 Maxwell's Capacitive Co  Air            2%         ∞         100%        8


Dungeon Overview and Level Annotations

Branches:
Dungeon (2/15)

Altars:


Innate Abilities, Weirdness & Mutations

You have a beak for a mouth.
You have claws for feet.


Message History

Found 19 arrows.
g - 4 scrolls labelled DOAVAK CULIOP (gained 1)
Found a stone staircase leading up.
You see here 19 arrows.
Found a mace.
You see here 19 arrows.
A gnoll comes into view. It is wielding a +0 flail.
The gnoll shouts!
A gnoll comes into view. It is wielding a +0 flail. x2
The gnoll moves out of view.
You shoot a sling bullet. The gnoll shouts!
The sling bullet hits the gnoll.
The gnoll is moderately wounded.
There is a stone staircase leading up here.
The gnoll hits you with a +0 flail.
You climb upwards.
There is a stone staircase leading down here.
Unknown command.
You shoot a sling bullet.
The sling bullet closely misses the gnoll.
The gnoll closely misses you.
You shoot a sling bullet. The sling bullet hits the gnoll.
The gnoll is moderately wounded.
The gnoll completely misses you.
You shoot a sling bullet.
The sling bullet barely misses the gnoll.
The gnoll hits you with a +0 flail!
Ouch! That really hurt!
* * * LOW HITPOINT WARNING * * *
You are too injured to fight recklessly!
You are too injured to fight recklessly!
You are too injured to fight recklessly!
The gnoll barely misses you.
Search for what [Enter for "bullet", or ? for help]? .
Unknown command.
Unknown command.
The gnoll hits you with a +0 flail!
Ouch! That really hurt!
You die...

#.....########## #......
#.....#..##....# #......
####.....#........# #......
>..#.....#..#.....## #......
...#.....##.#......# #......
...#...).##..#.....###### #......
...###..####........))..# ##.....
...# #............#####.## ##....
...# #...####...@...# #..# ##..#.
...###....# #...g.#.####.# #...#.
....##.##.# #.....#...##.###.....
###.#..##.# #....####..#.......##
.......##.#####...####.###.......
.......##..........###.####...##.
..........##..##.#..##..###.#.###
###.#..#..........#.###.....#.#
#.....#...........#####...#.#


You could see a gnoll.

Vanquished Creatures
  An adder (D:2)
  2 dart slugs
  4 bats
  3 endoplasms
  2 giant cockroaches (D:1)
  5 goblins
  2 hobgoblins (D:1)
  2 kobolds
  2 quokkas (D:1)
  A ball python (D:1)
  3 frilled lizards (D:1)
  6 rats
33 creatures vanquished.

Notes
Turn   | Place    | Note
-------+----------+-------------------------------------------
     0 | D:1      | sanka the Tengu Enchanter began the quest for the Orb.
     0 | D:1      | Reached XP level 1. HP: 10/10 MP: 4/4
    69 | D:1      | Reached skill level 1 in Fighting
    69 | D:1      | Reached XP level 2. HP: 4/16 MP: 6/6
   864 | D:1      | Reached XP level 3. HP: 7/20 MP: 7/7
  1074 | D:1      | Learned a level 3 spell: Stone Arrow
  1286 | D:1      | Learned a level 2 spell: Static Discharge
  1410 | D:2      | Reached skill level 1 in Conjurations
  1573 | D:2      | Found a faded altar of an unknown god.
  1958 | D:2      | Reached skill level 1 in Air Magic
  2227 | D:1      | Slain by a gnoll

Illustrated notes

Levels and vault maps discovered:
D:1:      saegor_arrival_simple_e, layout_rooms
D:2:      layout_rooms, hellmonk_ecumenical_altar_leap_of_faith,
          minmay_misc_feat_rows

Skill      XL: |  1  2  3 |
---------------+----------+-----
Fighting       | 1 |  1.6
Dodging        | 3 |  3.0
Conjurations   | 1 |  1.9
Air Magic      | 1 |  1.0
Short Blades   | |  1.1
Stealth        | |  3.0
Spellcasting   | |  2.0
Hexes          | |  2.1
Earth Magic    | |  0.1

Action                   || total
-------------------------++-------
Melee: Dagger            ||    79
       Kick              ||    22
       Peck              ||    10
 Fire: Hunting sling     ||    17
 Stab: Sleeping          ||     2
Armor: Robe              ||    15
Dodge: Dodged            ||    47
